 Dungeon Crawl Stone Soup version 0.31-a0-329-g52107efa6a (webtiles) character file.

Game seed: 1469549197172899700

767 MacCMillion the Changeling (level 7, 0/56 HPs)
             Began as a Merfolk Shapeshifter on July 19, 2023.
             Was an Initiate of Nemelex Xobeh.
             Slain by an orc warrior
             ... wielding a +0 hand axe
              (2 damage)
             ... on level 5 of the Dungeon.
             The game lasted 00:16:31 (5713 turns).

MacCMillion the Changeling (Merfolk Shapeshifter)   Turns: 5713, Time: 00:16:31

Health: 0/56       AC:  5    Str: 15    XL:     7   Next: 82%
Magic:  10/10      EV: 13    Int:  8    God:    Nemelex Xobeh [......]
Gold:   192        SH:  0    Dex: 16    Spells: 6/6 levels left

rFire   . . .        u - +6 whip
rCold   . . .        (no shield)
rNeg    . . .        o - +0 ring mail
rPois   .            (helmet currently unavailable)
rElec   .            (cloak currently unavailable)
rCorr   .            (gloves currently unavailable)
SInv    .            (boots currently unavailable)
Will    .....        (no amulet)
Stlth   +            (no ring)
HPRegen 0.29/turn    (no ring)
MPRegen 0.12/turn

%: no passive effects
@: beast-form
A: beast (slay +4), (nimble swimmer 2), mertail
a: Begin Untransformation, Renounce Religion, Draw Escape, Draw Destruction,
Draw Summoning


You were on level 5 of the Dungeon.
You worshipped Nemelex Xobeh.
Nemelex Xobeh was noncommittal.
You were a hulking beast.
You visited 1 branch of the dungeon, and saw 6 of its levels.

You collected 192 gold pieces.

Inventory:

Hand Weapons
 e - a +0 short sword
 g - a +0 dagger
 t - the +5 mace "Ruot" {vamp, rElec}
   (You took it off a hobgoblin on level 4 of the Dungeon)

   rElec:     It insulates you from electricity.
 u - a +6 whip (weapon)
Missiles
 p - 10 poisoned darts
 q - 7 boomerangs
Armour
 l - a +0 pair of gloves
 n - an orb of guile
 o - a +0 ring mail (worn)
Jewellery
 f - a ring of fire
Talismans
 c - a beast talisman
Wands
 y - a wand of charming (11)
Scrolls
 d - a scroll of brand weapon {unknown}
 h - 3 scrolls of teleportation
 i - a scroll of noise {unknown}
 k - 2 scrolls of poison {unknown}
 m - a scroll of amnesia {unknown}
 r - a scroll of revelation {unknown}
 x - a scroll of identify
Potions
 b - 2 potions of lignification
 j - 3 potions of enlightenment
 s - a potion of magic
 v - a potion of curing {unknown}
 w - a potion of attraction
 z - a potion of heal wounds {unknown}


   Skills:
 - Level 5.0 Fighting
 - Level 6.0 Dodging
 + Level 3.2 Unarmed Combat
 - Level 4.0 Invocations
 - Level 6.0 Shapeshifting


You had 6 spell levels left.
You didn't know any spells.
Your spell library contained the following spells:

 Spells                   Type           Power      Damage    Failure   Level
 Dazzling Flash           Conj/Hex       0%         N/A       95%         3
 Ozocubu's Armour         Ice            0%         N/A       95%         3
 Stone Arrow              Conj/Erth      0%         3d7       95%         3
 Animate Armour           Summ/Erth      0%         N/A       100%        4
 Leda's Liquefaction      Hex/Erth       0%         N/A       100%        4
 Manifold Assault         Tloc           0%         N/A       100%        4
 Agony                    Necr           0%         N/A       100%        5
 Lee's Rapid Deconstruct  Erth           0%         3d4*      100%        5
 Silence                  Hex/Air        0%         N/A       100%        5
 Dispersal                Tloc           0%         N/A       100%        6
 Leda's Unmaking          Conj/Erth      0%         9d1       100%        6
 Ozocubu's Refrigeration  Ice            0%         4d7       100%        7
 Disjunction              Tloc           0%         N/A       100%        8
 Lehudib's Crystal Spear  Conj/Erth      0%         10d2      100%        8


Dungeon Overview and Level Annotations

Branches:
Dungeon (6/15)
 Temple: D:4-7

Altars:
Cheibriados
Elyvilon
Nemelex Xobeh
Qazlal
Ru
Uskayaw
Xom
Yredelemnul
Zin
The Shining One

Annotations:
D:2 Sigmund


Innate Abilities, Weirdness & Mutations

You are a hulking beast.
Your limbs bulge with bestial killing power. (Slay +4)
((You are very nimble when in or above water. (Stealth+, EV+, Speed+++)))
Your lower body shifts to a powerful aquatic tail in water.


Message History

The orc warrior hits you with a +0 hand axe.
You hit the orc warrior.
The orc warrior is lightly wounded.
The orc warrior hits you but does no damage.
You barely miss the orc warrior.
The orc warrior is lightly wounded.
The orc warrior hits you with a +0 hand axe!
You hit the orc warrior.
The orc warrior is lightly wounded.
The orc warrior hits you with a +0 hand axe!
You hit the orc warrior.
The orc warrior is moderately wounded.
The orc warrior closely misses you.
You hit the orc warrior but do no damage.
The orc warrior is moderately wounded.
The orc warrior hits you with a +0 hand axe.
You barely miss the orc warrior.
The orc warrior is moderately wounded.
The orc warrior hits you with a +0 hand axe!
* * * LOW HITPOINT WARNING * * *
You closely miss the orc warrior.
The orc warrior is moderately wounded.
The orc warrior closely misses you.
You hit the orc warrior.
The orc warrior is heavily wounded.
The orc warrior misses you.
The orc warrior hits you with a +0 hand axe!
* * * LOW HITPOINT WARNING * * *
You barely miss the orc warrior.
The orc warrior is moderately wounded.
The orc warrior hits you with a +0 hand axe.
* * * LOW HITPOINT WARNING * * *
You hit the orc warrior but do no damage.
The orc warrior is moderately wounded.
The orc warrior hits you but does no damage.
You closely miss the orc warrior.
The orc warrior is moderately wounded.
The orc warrior hits you with a +0 hand axe.
You die...
Your body disappears without a glow.

.....#####.##.#
.........#.##.#
............#.####
.....##.##.......#
...<.'..##.#..#..#
.....#####....#..#
.....# ####....#
.....# ###o.#
###### ##h# ###


You could see an orc warrior.

Vanquished Creatures
  Grinder (D:5)
  Edmund (D:5)
  A scorpion (D:5)
  A jelly (D:4)
  An orc priest (D:4)
  2 hounds
  An iguana (D:5)
  11 gnolls
  5 adders
  A white imp (D:5)
  A worm (D:2)
  6 dart slugs
  5 orcs
  A bat (D:1)
  10 endoplasms
  3 giant cockroaches
  4 goblins
  5 hobgoblins
  6 jackals
  9 kobolds
  5 quokkas
  4 ball pythons
  3 frilled lizards
  7 rats
94 creatures vanquished.

Notes
Turn   | Place    | Note
-------+----------+-------------------------------------------
     0 | D:1      | MacCMillion the Merfolk Shapeshifter began the quest for
                  | the Orb.
     0 | D:1      | Reached XP level 1. HP: 16/16 MP: 1/1
   225 | D:1      | Reached XP level 2. HP: 23/23 MP: 2/2
   892 | D:2      | Reached XP level 3. HP: 20/28 MP: 3/3
  1188 | D:2      | Found a snail-covered altar of Cheibriados.
  1406 | D:2      | Noticed Sigmund
  1701 | D:2      | Reached XP level 4. HP: 29/35 MP: 4/4
  2253 | D:3      | Found a shimmering altar of Xom.
  2305 | D:3      | Found a basalt altar of Yredelemnul.
  2310 | D:3      | Found a sacrificial altar of Ru.
  2353 | D:3      | Found a stormy altar of Qazlal.
  2367 | D:3      | Reached XP level 5. HP: 31/42 MP: 5/5
  2426 | D:3      | Found a sparkling altar of Nemelex Xobeh.
  2725 | D:3      | Reached skill level 5 in Shapeshifting
  3069 | D:4      | Found a hide-covered altar of Uskayaw.
  3165 | D:4      | Identified the +5 mace "Ruot" {vamp, rElec}
  3791 | D:5      | Entered Level 5 of the Dungeon
  3829 | D:5      | Reached skill level 5 in Dodging
  3829 | D:5      | Reached XP level 6. HP: 22/48 MP: 6/6
  4973 | D:5      | Noticed Edmund
  5028 | D:4      | Reached skill level 5 in Fighting
  5028 | D:4      | Reached XP level 7. HP: 56/56 MP: 7/7
  5103 | D:3      | Became a worshipper of Nemelex Xobeh the Trickster
  5198 | D:5      | Found a white marble altar of Elyvilon.
  5199 | D:5      | Found a glowing silver altar of Zin.
  5199 | D:5      | Found a glowing golden altar of the Shining One.
  5211 | D:5      | Noticed Grinder
  5211 | D:5      | Paralysed by Grinder for 2 turns
  5247 | D:5      | Killed Grinder
  5631 | D:5      | Killed Edmund
  5711 | D:5      | HP: 2/56 [orc warrior/+0 hand axe (5)]
  5713 | D:5      | Slain by an orc warrior

Illustrated notes

Levels and vault maps discovered:
D:1:      nzn_arrival_crosshair, layout_basic, kennysheep_minor_cross
D:2:      layout_basic, basic_altar, minmay_close_crescents, uniq_sigmund
D:3:      layout_basic, overflow_temple_1_default,
          nicolae_overflow_macrodata_refinement
D:4:      layout_rooms, overflow_temple_1_default, roderic_cross_of_infinity,
          nicolae_nh_ransacked_shop
D:5:      layout_basic, dreamdust_divine_triumvirate, uniq_grinder, uniq_edmund
D:6:      layout_cave_pods, led_sif_book, uniq_pikel

Skill      XL: |  1  2  3  4  5  6  7 |
---------------+----------------------+-----
Dodging        | 3 4 5 6 |  6.0
Fighting       | 3 4 5 |  5.0
Shapeshifting  | 5 6 |  6.0
Invocations    | 4 |  4.0
Unarmed Combat | 3 |  3.2

Action                     |  1- 3 |  4- 6 |  7- 9 || total
---------------------------+-------+-------+-------++-------
  Melee: Unarmed           |     7 |       |       ||     7
         Dagger            |    87 |    70 |       ||   157
         Short sword       |     5 |       |       ||     5
         Punch             |     1 |       |       ||     1
         Mace              |       |    87 |       ||    87
         Whip              |       |       |    35 ||    35
  Throw: Dart              |       |       |     5 ||     5
    Use: Potion            |       |     2 |     1 ||     3
         Scroll            |       |     3 |       ||     3
   Stab: Sleeping          |     2 |     2 |       ||     4
         Distracted        |       |     1 |       ||     1
 Armour: Animal skin       |    13 |     8 |       ||    21
         Ring mail         |       |    45 |     6 ||    51
  Dodge: Dodged            |    46 |   150 |    16 ||   212

Table legend: (Time is in decaauts)
 A = Elapsed time spent in this place.
 B = Non-inter-level travel time spent in this place.
 C = Inter-level travel time spent in this place.
 D = Time resting spent in this place.
 E = Time spent auto-exploring this place.
 F = Levels seen in this place.
 G = Mean time per level.
                   A        B        C        D        E       F      G
               +--------+--------+--------+--------+--------+-----+--------+
         Total |   5758 |   5359 |    399 |   1483 |   2632 |   6 |  959.7 |
       Dungeon |   5758 |   5359 |    399 |   1483 |   2632 |   6 |  959.7 |
               +--------+--------+--------+--------+--------+-----+--------+

Top non-repeatable levels by time:
     D:5: 1568 daAuts
     D:2: 1341 daAuts
     D:3: 1191 daAuts
     D:4: 941 daAuts
     D:1: 690 daAuts
     D:6: 24 daAuts
